 Dungeon Crawl Stone Soup version 0.20.0-8-g6b59dc7 (webtiles) character file.

1903 skittles the Firebug (level 8, -1/105 HPs)
             Began as a Red Draconian Fire Elementalist on May 31, 2017.
             Was an Initiate of Vehumet.
             Slain by an orc warrior
             ... wielding a +0 battleaxe
              (12 damage)
             ... in the Ecumenical Temple.
             The game lasted 00:19:52 (6791 turns).

skittles the Firebug (DrFE)                         Turns: 6791, Time: 00:19:53

Health: -1/105     AC: 24    Str: 11    XL:     8   Next: 94%
Magic:  0/11       EV:  2    Int: 17    God:    Vehumet [......]
Gold:   277        SH:  0    Dex: 12    Spells: 1/11 levels left

rFire    . . .     SeeInvis .   b - staff of conjuration
rCold    . . .     Gourm    .   (no shield)
rNeg     + + +     Faith    .   (armour unavailable)
rPois    +         Spirit   .   (helmet currently unavailable)
rElec    .         Reflect  .   (cloak currently unavailable)
rCorr    .         Harm     .   (gloves currently unavailable)
MR       +....     NoTele   +   (boots currently unavailable)
Stlth    ++........             (no amulet)
Regen    0.3/turn               p - ring of protection from magic
MPRegen  0.2/turn               (no ring)

@: tree-form
A: (breathe fire), unfitting armour, AC +6
a: Renounce Religion


You were in the Ecumenical Temple.
You worshipped Vehumet.
Vehumet was noncommittal.
You were not hungry.
You were a tree.
You visited 2 branches of the dungeon, and saw 7 of its levels.

You collected 277 gold pieces.

Inventory:

Hand Weapons
 a - a +0 trident
Armour
 o - a +1 pair of boots (melded)
 D - a +0 shield
Magical Staves
 b - an uncursed staff of conjuration (weapon)
Jewellery
 e - an uncursed amulet of faith
 p - a ring of protection from magic (left branch)
Wands
 y - a wand of digging (17/24)
Scrolls
 c - 2 scrolls of enchant weapon {unknown}
 f - a scroll of amnesia {unknown}
 g - 5 scrolls of teleportation
 j - 4 scrolls of remove curse
 l - 2 scrolls of fog {unknown}
 q - 2 scrolls of magic mapping {unknown}
 r - 3 scrolls of blinking {unknown}
 t - a scroll of enchant armour {unknown}
 v - a scroll of recharging {unknown}
 w - 3 scrolls of identify {unknown}
 x - 2 scrolls of fear {unknown}
 C - a scroll of random uselessness {unknown}
Potions
 d - a potion of haste {unknown}
 k - 2 potions of lignification
 m - 8 potions of curing {unknown}
 n - 4 potions of mutation {unknown}
 u - a potion of degeneration {unknown}
 z - 2 potions of agility {unknown}
 A - a potion of flight {unknown}
 B - a potion of ambrosia {unknown}
 F - a potion of heal wounds {unknown}
 H - 2 potions of cancellation {unknown}
Books
 h - a book of Conjurations

   Spells                             Type                      Level
   a - Magic Dart                     Conjuration                  1
   b - Searing Ray                    Conjuration                  2
   c - Dazzling Spray                 Conjuration/Hexes            3
   d - Fulminant Prism                Conjuration/Hexes            4
   e - Force Lance                    Conjuration/Translocation    4
   f - Iskenderun's Mystic Blast      Conjuration                  4
 s - a book of Flames

   Spells                             Type                      Level
   a - Flame Tongue                   Conjuration/Fire             1
   b - Throw Flame                    Conjuration/Fire             2
   c - Conjure Flame                  Conjuration/Fire             3
   d - Inner Flame                    Hexes/Fire                   3
   e - Sticky Flame                   Conjuration/Fire             4
   f - Fireball                       Conjuration/Fire             5
Comestibles
 i - 3 meat rations
 E - 4 bread rations


   Skills:
 + Level 6.2 Fighting
 + Level 5.3 Dodging
 - Level 1.7 Stealth
 - Level 2.0 Spellcasting
 + Level 5.8 Conjurations
 + Level 7.9 Fire Magic


You had one spell level left.
You knew the following spells:

 Your Spells              Type           Power        Failure   Level  Hunger
a - Flame Tongue          Conj/Fire      #####        1%          1    #......
b - Conjure Flame         Conj/Fire      #####...     3%          3    ###....
c - Sticky Flame          Conj/Fire      #####...     11%         4    #####..
d - Searing Ray           Conj           ####..       2%          2    ###....


Dungeon Overview and Level Annotations

Branches:
Dungeon (6/15)             Temple (1/1) D:6

Altars:
Ashenzari
Cheibriados
Dithmenos
Elyvilon
Hepliaklqana
Kikubaaqudgha
Makhleb
Nemelex Xobeh
Okawaru
Qazlal
Ru
Sif Muna
Uskayaw
Vehumet
Xom
The Shining One


Innate Abilities, Weirdness & Mutations

((You can breathe blasts of fire.))
((Your fiery red scales are hard. (AC +6)))
You cannot fit into any form of body armour.
((Your flesh is heat resistant. (rF+)))
((You are cold-blooded and may be slowed by cold attacks.))


Message History

Your +1 pair of boots melds into your body.
Your roots penetrate the ground.
You feel strangely stable.
You cannot move.
You cannot move.
You closely miss the orc warrior.
The orc warrior is severely wounded.
The orc warrior hits you but does no damage.
You hit the orc warrior but do no damage.
The orc warrior is severely wounded.
The orc warrior hits you but does no damage.
Casting: Flame Tongue
Confirm with . or Enter, or press ? or * to list all spells.
Aiming: Flame Tongue
Press: ? - help, Shift-Dir - straight line, f/p - orc warrior
Aim: an orc warrior, wielding a battleaxe and wearing a runed chain mail (severely wounded)
You feel a surge of power!
The flame tongue hits the orc warrior.
The orc warrior appears unharmed.
The orc warrior is severely wounded.
The orc warrior hits you with a battleaxe!
You die...

##### #...# #._.# #...##
## ### ####.##.# #♣##
##..# ##o## #.## ##o## #
####.#.# ##.#### .
#...##.## ##...# _.
#._.###.#### #._.# ..#
##...####...# ##...#
#.##.###.###._.###.###.#
#..## ##.##...##.## #.#


You could see an orc warrior and an orc priest.

Vanquished Creatures
  Grinder (D:5)
  The ghost of crawlian the Firebug, an amateur DEFE of Sif Muna (D:5)
  3 sky beasts
  3 phantoms
  An ogre (D:4)
  Blork the orc (D:6)
  The ghost of crawlian the Firebug, an amateur DEFE (D:4)
  2 bullfrogs (D:6)
  A water moccasin zombie (D:5)
  A scorpion (D:4)
  A howler monkey (D:5)
  A jelly (D:6)
  An orc priest (D:6)
  2 hounds
  An iguana (D:5)
  3 orc wizards (D:6)
  3 worker ants
  2 hound skeletons
  3 gnolls (D:6)
  5 adders
  A shadow imp (D:5)
  4 oozes
  5 worms
  2 dart slugs (D:1)
  3 leopard geckos
  8 orcs
  2 giant cockroaches
  10 goblins
  9 hobgoblins
  3 quokkas
  7 bats
  5 frilled lizards
  9 kobolds
  7 rats
112 creatures vanquished.

Notes
Turn   | Place    | Note
-------+----------+-------------------------------------------
     0 | D:1      | skittles the Draconian Fire Elementalist began the quest for the Orb.
     0 | D:1      | Reached XP level 1. HP: 14/14 MP: 3/3
   232 | D:1      | Reached XP level 2. HP: 16/22 MP: 0/5
   619 | D:1      | Reached skill level 1 in Fighting
  1188 | D:1      | Reached XP level 3. HP: 19/28 MP: 2/6
  1811 | D:2      | Learned a level 3 spell: Conjure Flame
  2025 | D:2      | Reached XP level 4. HP: 36/36 MP: 1/7
  2026 | D:2      | Found a sparkling altar of Nemelex Xobeh.
  2296 | D:2      | Found an iron altar of Okawaru.
  2872 | D:3      | Found an ancient bone altar of Kikubaaqudgha.
  3246 | D:4      | Reached skill level 4 in Fire Magic
  3246 | D:4      | Reached XP level 5. HP: 42/42 MP: 4/8
  3321 | D:4      | Found a burning altar of Makhleb.
  3368 | D:4      | Noticed a phantom
  3516 | D:4      | Killed a phantom
  3516 | D:4      | Reached XP level 6. HP: 46/51 MP: 1/9
  3538 | D:4      | Noticed crawlian's ghost (amateur DEFE)
  3605 | D:4      | Killed crawlian's ghost
  4155 | D:5      | Entered Level 5 of the Dungeon
  4161 | D:5      | Noticed crawlian's ghost (amateur DEFE)
  4520 | D:4      | Learned a level 4 spell: Sticky Flame
  4925 | D:5      | Your scales start taking on a fiery red colour.
  4925 | D:5      | Reached skill level 5 in Fire Magic
  4925 | D:5      | Reached XP level 7. HP: 58/58 MP: 5/10
  4925 | D:5      | Gained mutation: Your flesh is heat resistant. (rF+) [Red Draconian growth]
  4973 | D:5      | Reached skill level 6 in Fire Magic
  5041 | D:5      | Found a shattered altar of Ashenzari.
  5066 | D:5      | Killed crawlian's ghost
  5452 | D:5      | Noticed Grinder
  5545 | D:5      | Killed Grinder
  5545 | D:5      | Reached skill level 5 in Fighting
  5545 | D:5      | Reached skill level 5 in Conjurations
  5545 | D:5      | Reached skill level 7 in Fire Magic
  5545 | D:5      | Reached XP level 8. HP: 61/68 MP: 2/11
  5966 | D:5      | Learned a level 2 spell: Searing Ray
  6126 | D:6      | Found a staircase to the Ecumenical Temple.
  6142 | D:6      | Reached skill level 5 in Dodging
  6211 | Temple   | Entered the Ecumenical Temple
  6272 | Temple   | Became a worshipper of Vehumet
  6454 | D:6      | Noticed Blork the orc
  6466 | D:6      | Killed Blork the orc
  6791 | Temple   | Slain by an orc warrior

Skill      XL: |  1  2  3  4  5  6  7  8 |
---------------+-------------------------+-----
Fighting       | 1 2 3 5 6 |  6.2
Conjurations   | 2 3 5 |  5.8
Dodging        | 2 3 4 5 |  5.3
Fire Magic     | 4 5 7 |  7.9
Stealth        | |  1.7
Spellcasting   | |  2.0

Action                   |  1- 3 |  4- 6 |  7- 9 || total
-------------------------+-------+-------+-------++-------
Melee: Dagger            |    86 |       |       ||    86
       Tailslap          |    15 |     8 |    12 ||    35
       Unarmed           |     1 |       |       ||     1
       Trident           |    25 |   141 |    13 ||   179
       Staff             |       |       |    69 ||    69
 Cast: Flame Tongue      |    27 |    55 |   115 ||   197
       Conjure Flame     |       |     5 |       ||     5
       Sticky Flame      |       |       |     7 ||     7
  Use: Potion            |       |     1 |     1 ||     2
       Scroll            |       |       |     3 ||     3
 Stab: Sleeping          |     4 |     2 |       ||     6
       Distracted        |       |     1 |       ||     1
  Eat: Chunk             |     4 |     8 |     5 ||    17
       Fruit             |       |     2 |       ||     2
       Royal jelly       |       |       |     1 ||     1
       Bread ration      |       |       |     1 ||     1
Armor: Skin              |    57 |    32 |    53 ||   142
Dodge: Dodged            |    83 |    83 |   103 ||   269
